 Dungeon Crawl Stone Soup version 0.28-a0-863-g8cecda6153 (webtiles) character file.

Game seed: 13386493807652708579

67 horus123 the Skirmisher (level 3, 0/30 HPs)
             Began as a Demonspawn Abyssal Knight on Nov 19, 2021.
             Was a Follower of Lugonu.
             Slain by a bat (1 damage)
             ... on level 2 of the Dungeon.
             The game lasted 00:02:04 (1910 turns).

horus123 the Skirmisher (Demonspawn Abyssal Knight) Turns: 1910, Time: 00:02:05

Health: 0/30       AC:  1    Str: 14    XL:     3   Next: 98%
Magic:  5/5        EV: 11    Int: 11    God:    Lugonu [*.....]
Gold:   55         SH:  0    Dex: 13    Spells: 2/2 levels left

rFire   . . .      SeeInvis .   a - +1 mace
rCold   . . .      Faith    .   (no shield)
rNeg    . . .      Spirit   .   b - +0 leather armour
rPois   .          Reflect  .   (no helmet)
rElec   .          Harm     .   (no cloak)
rCorr   .          Rampage  .   (no gloves)
Will    .....                   (no boots)
Stlth   +.........              (no amulet)
HPRegen 0.10/turn               (no ring)
MPRegen 0.09/turn               (no ring)

@: no status effects
A: powered by pain 1, weakness stinger 1, talons 1, deformed body
a: Renounce Religion, Depart the Abyss


You were on level 2 of the Dungeon.
You worshipped Lugonu.
Lugonu was aware of your devotion.
You visited 1 branch of the dungeon, and saw 2 of its levels.
You visited the Abyss 1 time.

You collected 55 gold pieces.

Inventory:

Hand Weapons
 a - a +1 mace (weapon)
Missiles
 e - 7 javelins
Armour
 b - a +0 leather armour (worn)
Jewellery
 g - a ring of resist corrosion
Scrolls
 d - a scroll of noise {unknown}
Potions
 f - a potion of berserk rage {unknown}
 h - a potion of curing {unknown}


   Skills:
 + Level 3.7 Fighting
 + Level 2.3 Maces & Flails
 + Level 2.2 Armour
 + Level 1.2 Dodging
 + Level 0.3 Stealth
 * Level 3.1 Invocations


You had 2 spell levels left.
You didn't know any spells.
Your spell library contained the following spells:

 Spells                   Type           Power      Damage    Failure   Level
 Corpse Rot               Necr/Air       0%         N/A       54%         2
 Dispel Undead            Necr           0%         3d6       99%         4
 Death Channel            Necr           0%         N/A       100%        6


Dungeon Overview and Level Annotations

Branches:
Dungeon (1/15)

Altars:


Innate Abilities, Weirdness & Mutations

You sometimes gain a little power by taking damage.
You have a small tail.
You have sharp toenails.
Armour fits poorly on your strangely shaped body.


Message History

The adder is lightly wounded.
You feel sick. The bat misses you. The bat hits you.
The adder completely misses you. The bat closely misses you.
You closely miss the adder.
The adder is lightly wounded.
You feel sick.
You are no longer poisoned.
The bat hits you but does no damage. The bat barely misses you.
The adder bites you but does no damage. The adder barely misses you.
The bat closely misses you.
It was a potion of mutation.
You feel extremely strange.
Your body twists and deforms.
Your toenails lengthen and sharpen.
The bat closely misses you. The adder bites you. The adder barely misses you.
The bat hits you. The bat closely misses you. The bat hits you.
* * * LOW HITPOINT WARNING * * *
The adder closely misses you. The bat hits you.
* * * LOW HITPOINT WARNING * * *
The bat closely misses you. The bat barely misses you.
The bat hits you but does no damage. The adder bites you.
* * * LOW HITPOINT WARNING * * *
You are poisoned.
The adder poisons you!
You feel sick. The bat barely misses you.
You feel sick. The bat hits you but does no damage.
Unknown command.
You feel sick. The bat hits you.
* * * LOW HITPOINT WARNING * * *
The adder barely misses you.
* * * LOW HITPOINT WARNING * * *
You feel sick. The bat closely misses you.
* * * LOW HITPOINT WARNING * * *
You feel sick.
You are no longer poisoned.
The bat hits you.
You die...

## ####### #...#
.####.....##################...#
....†................).>÷..#...#
.####.###.###....###...###.#...#
..........# #.##.# #...###.....#
#####.....###.#..# #..........##
..............S..# #..####....#
####.......g.g.b.# #..# #....# #
#......###.##@# #..# #....# .
#......##.....# #..# #....# $
#########.#.### #..# #....### .
#.#..####..# #....... $
#..........# ######## .
####..####.# ## . ##.#
##'#######. . #.. #.......#..# .
##.##...........##


You could see an adder, a hobgoblin, a goblin and a bat.

Vanquished Creatures
  3 adders (D:2)
  2 worms (D:2)
  3 endoplasms (D:2)
  2 giant cockroaches (D:1)
  2 goblins (D:2)
  3 hobgoblins
  2 jackals (D:1)
  4 ball pythons
  5 bats
  3 frilled lizards (D:1)
  A kobold (D:1)
  2 rats (D:1)
32 creatures vanquished.

Notes
Turn   | Place    | Note
-------+----------+-------------------------------------------
     0 | Abyss:1  | horus123 the Demonspawn Abyssal Knight began the quest for
                  | the Orb.
     0 | Abyss:1  | Reached XP level 1. HP: 18/18 MP: 2/2
    58 | Abyss:1  | Noticed a raiju
    59 | D:1      | Escaped the Abyss
   122 | D:1      | Reached skill level 1 in Dodging
   440 | D:1      | Reached * piety under Lugonu
   446 | D:1      | Gained mutation: You have a small tail. [demonic ancestry]
   446 | D:1      | Reached XP level 2. HP: 8/24 MP: 3/3
   957 | D:1      | You fall into a shaft and drop 1 floor!
   986 | D:2      | Found a faded altar of an unknown god.
  1004 | D:2      | Gained mutation: You sometimes gain a little power by
                  | taking damage. [demonic ancestry]
  1004 | D:2      | Reached XP level 3. HP: 18/30 MP: 3/5
  1898 | D:2      | Gained mutation: Armour fits poorly on your strangely
                  | shaped body. [potion of mutation]
  1898 | D:2      | Gained mutation: You have sharp toenails. [potion of
                  | mutation]
  1910 | D:2      | HP: 1/30 [poisoned by an adder]
  1910 | D:2      | Slain by a bat

Illustrated notes

Levels and vault maps discovered:
D:1:      elethiomel_arrival_maze, layout_basic, minmay_box_of_dots
D:2:      layout_basic, nicolae_ecumenical_snake_handling, basic_altar,
          uniq_natasha

Skill      XL: |  1  2  3 |
---------------+----------+-----
Dodging        | 1 |  1.2
Armour         | 2 |  2.2
Maces & Flails | 2 |  2.3
Invocations    | 3 |  3.1
Fighting       | |  3.7
Stealth        | |  0.3

Action                   || total
-------------------------++-------
Melee: Mace              ||   111
       Tailslap          ||     7
Invok: Depart the Abyss  ||     1
  Use: Potion            ||     1
Armor: Leather armour    ||    48
Dodge: Dodged            ||   104

Table legend: (Time is in decaauts)
 A = Elapsed time spent in this place.
 B = Non-inter-level travel time spent in this place.
 C = Inter-level travel time spent in this place.
 D = Time resting spent in this place.
 E = Time spent auto-exploring this place.
 F = Levels seen in this place.
 G = Mean time per level.
                   A        B        C        D        E       F      G
               +--------+--------+--------+--------+--------+-----+--------+
         Total |   1943 |   1943 |      0 |    613 |    995 |   3 |  647.7 |
       Dungeon |   1884 |   1884 |      0 |    613 |    939 |   2 |  942.0 |
         Abyss |     59 |     59 |      0 |      0 |     56 |   1 |   59.0 |
               +--------+--------+--------+--------+--------+-----+--------+

Top non-repeatable levels by time:
     D:2: 970 daAuts
     D:1: 913 daAuts
 Abyss:1: 59 daAuts
